 Dungeon Crawl Stone Soup version 0.32-a0-999-gfa1cc04b1d (webtiles) character file.

Game seed: 11414694490105683001

1740 Cancer the Covert (level 9, -1/56 HPs)
             Began as an Octopode Delver on Apr 24, 2024.
             Was a Follower of Makhleb.
             Slain by an orc warrior
             ... wielding a +0 dire flail
              (16 damage)
             ... on level 6 of the Dungeon.
             The game lasted 00:17:30 (5370 turns).

Cancer the Covert (Octopode Delver)                 Turns: 5370, Time: 00:17:30

Health: -1/56      AC:  1    Str: 11    XL:     9   Next: 5%
Magic:  9/9        EV: 13    Int: 13    God:    Makhleb [*.....]
Gold:   195        SH:  0    Dex: 17    Spells: 8/8 levels left

rFire   . .          .
                       - Unarmed
rCold   . . .        (no shield)
rNeg    + . .        (helmet restricted)
rPois   .            t - amulet of regeneration
rElec   .            u - ring of positive energy
rCorr   .            (no ring)
SInv    .            (no ring)
Will    .....        (no ring)
Stlth   ++++++       (no ring)
HPRegen 1.09/turn    (no ring)
MPRegen 0.11/turn    (no ring)
                     (no ring)

%: no passive effects
@: no status effects
A: almost no armour, amphibious, 8 rings, camouflage 1, gelatinous body 1,
(nimble swimmer 1), tentacles
a: Renounce Religion


You were on level 6 of the Dungeon.
You worshipped Makhleb.
Makhleb was aware of your devotion.
You visited 2 branches of the dungeon, and saw 7 of its levels.

You collected 195 gold pieces.

Inventory:

Hand Weapons
 z - a +2 dagger of venom
Missiles
 A - a throwing net (quivered)
Armour
 m - an orb of light
Jewellery
 t - an amulet of regeneration (around mantle)
 u - a ring of positive energy (left tentacle)
Talismans
 q - a serpent talisman
 s - a flux talisman
Wands
 e - a wand of digging (3)
 p - a wand of mindburst (8)
 v - a wand of flame (22)
Scrolls
 a - a scroll of fog
 b - 2 scrolls of revelation
 c - 2 scrolls of fear
 f - 7 scrolls of identify {unknown}
 g - 4 scrolls of noise {unknown}
 i - 3 scrolls of enchant armour {unknown}
 j - a scroll of amnesia {unknown}
 k - a scroll of enchant weapon {unknown}
 l - a scroll of summoning {unknown}
 o - 4 scrolls of teleportation {unknown}
 y - a scroll of immolation {unknown}
Potions
 d - 4 potions of haste
 h - 3 potions of heal wounds {unknown}
 n - 2 potions of mutation {unknown}
 r - 2 potions of might {unknown}
 w - a potion of degeneration {unknown}
 x - 2 potions of curing {unknown}


   Skills:
 - Level 3.0 Fighting
 + Level 2.4 Dodging
 - Level 10.0 Stealth
 - Level 8.0 Unarmed Combat
 + Level 5.5 Shapeshifting


You had 8 spell levels left.
You didn't know any spells.
Your spell library contained the following spells:

 Spells                   Type           Power      Damage    Failure   Level
 Apportation              Tloc           0%         N/A       30%         1
 Foxfire                  Conj/Fire      0%         2x1d4     30%         1
 Necrotise                Necr           0%         1d4       30%         1
 Shock                    Conj/Air       0%         1d3       30%         1
 Sting                    Conj/Alch      0%         1d3       30%         1
 Summon Small Mammal      Summ           0%         N/A       30%         1
 Static Discharge         Conj/Air       0%         3-3/arc   43%         2
 Airstrike                Air            0%         2d(0-16)  97%         4
 Summon Lightning Spire   Summ/Air       0%         N/A       97%         4
 Fireball                 Conj/Fire      0%         3d3       100%        5
 Death Channel            Necr           0%         N/A       100%        6
 Sculpt Simulacrum        Ice/Alch       0%         N/A       100%        6
 Monstrous Menagerie      Summ           0%         N/A       100%        7
 Rimeblight               Ice/Necr       0%         2d3       (prima100%   7


Dungeon Overview and Level Annotations

Branches:
Dungeon (6/15)             Temple (1/1) D:4

Altars:
Ashenzari
Cheibriados
Dithmenos
Elyvilon
Fedhas
Kikubaaqudgha
Makhleb
Nemelex Xobeh
Okawaru
Qazlal
Ru
Sif Muna
Wu Jian
Xom
Yredelemnul
Zin
The Shining One

Shops:
D:1 (   D:4 ?


Innate Abilities, Weirdness & Mutations

You cannot wear most types of armour.
You are amphibious.
You can wear up to eight rings at the same time.
Your skin changes colour to match your surroundings (Stealth+).
Your rubbery body absorbs attacks. (AC +1, EV +1)
((You are camouflaged when in or above water. (Stealth+)))
You have tentacles for arms and can constrict up to eight enemies at once.


Message History

You tentacle-slap the iguana. Your grab misses the iguana.
Your squeeze misses the iguana.
The iguana is heavily wounded.
The hound pauses to sniff the ground.
The iguana bites you.
You tentacle-slap the iguana. You grab the iguana.
You tentacle-slap the iguana.
The iguana is severely wounded.
You constrict the iguana. The iguana bites you.
You tentacle-slap the iguana but do no damage.
The iguana is almost dead.
You constrict the iguana.
You kill the iguana!
Makhleb accepts your kill.
You feel better. The hound bites you.
You tentacle-slap the hound. Your grab misses the hound.
Your squeeze misses the hound.
The hound is lightly wounded.
The hound bites you.
You bludgeon the hound! You grab the hound. You squeeze the hound.
The hound is almost dead.
You constrict the hound.
You kill the hound!
Makhleb accepts your kill.
An orc warrior comes into view. It is wielding a +0 dire flail.
An orc comes into view.
It is wielding a +0 long sword and wearing a +1 leather armour of cold resistance.
An orc wizard comes into view. It is wielding a +0 dagger.
The orc wizard shouts!
An orc comes into view. It is wielding a +0 club.
The orc warrior attacks as it pursues you!
The orc warrior hits you with a +0 dire flail!
You closely miss the orc warrior. Your grab misses the orc warrior.
You squeeze the orc warrior, but do no damage.
The orc warrior barely misses you.
The orc warrior hits you with a +0 dire flail!!
The orc warrior hits you with a +0 dire flail!
* * * LOW HITPOINT WARNING * * *
The orc warrior attacks as it pursues you!
The orc warrior hits you with a +0 dire flail!
You die...

##........##...###.##.......####.
#........##........###........###
#.........#......................
##.........o......#..............
#.................#..............
##......#.......#.#..............
#....#..#....o..#................
#............#.o.................
#.###........###@#.....##..#.....
.. ##.......# ###.....##.####.##
#........####...)<.##..###..#
.................)...#..##).##
........#.#.........).....#..#
.......####....#........)###.#
...... ###....#..).......##..
....>...............#..).... )...
...........).######)...


You could see an orc warrior, an orc wizard and an orc.

Vanquished Creatures
  Prince Ribbit (D:5)
  Grinder (D:3)
  Edmund (D:5)
  An ice beast (D:5)
  An ogre (D:5)
  A centaur (D:6)
  2 scorpions
  2 bombardier beetles
  4 hounds
  A jelly (D:6)
  A gnoll bouda (D:5)
  3 orc priests
  2 iguanas
  5 orc wizards
  16 gnolls
  7 adders
  A dart slug (D:4)
  2 ribbon worms (D:2)
  25 orcs
  6 ball pythons
  3 bats
  5 endoplasms
  2 giant cockroaches (D:1)
  13 goblins
  4 hobgoblins
  4 jackals (D:3)
  3 quokkas
  4 frilled lizards
  7 kobolds
  11 rats
139 creatures vanquished.

Vanquished Creatures (others)
  5 dream sheep (D:4)
5 creatures vanquished.

Grand Total: 144 creatures vanquished

Notes
Turn   | Place    | Note
-------+----------+-------------------------------------------
     0 | D:5      | Cancer the Octopode Delver began the quest for the Orb.
     0 | D:5      | Reached XP level 1. HP: 16/16 MP: 1/1
    44 | D:5      | Noticed a gnoll bouda
    44 | D:5      | Noticed an ice beast
    95 | D:5      | Noticed Edmund
   120 | D:5      | Reached XP level 2. HP: 16/21 MP: 2/2
   569 | D:3      | Reached XP level 3. HP: 24/26 MP: 3/3
   636 | D:3      | Got the Octavo of the Sweltering Throng
   819 | D:1      | Found Vofriah's Antique Weapon Boutique.
  1469 | D:2      | Reached XP level 4. HP: 31/31 MP: 4/4
  1950 | D:2      | Reached skill level 5 in Unarmed Combat
  1950 | D:2      | Reached XP level 5. HP: 36/36 MP: 5/5
  2524 | D:3      | Found a faded altar of an unknown god.
  2738 | D:3      | Noticed Grinder
  2745 | D:3      | Killed Grinder
  2746 | D:3      | Reached skill level 7 in Stealth
  2746 | D:3      | Reached skill level 1 in Shapeshifting
  2746 | D:3      | Reached XP level 6. HP: 19/42 MP: 6/6
  3199 | D:4      | Noticed a dream sheep
  3199 | D:4      | Noticed a dream sheep
  3199 | D:4      | Noticed a dream sheep
  3199 | D:4      | Noticed a dream sheep
  3199 | D:4      | Noticed a dream sheep
  3199 | D:4      | Found a shimmering altar of Xom.
  3202 | D:4      | Killed a dream sheep
  3202 | D:4      | Killed a dream sheep
  3202 | D:4      | Killed a dream sheep
  3202 | D:4      | Killed a dream sheep
  3203 | D:4      | Killed a dream sheep
  3674 | D:4      | Found a staircase to the Ecumenical Temple.
  3690 | Temple   | Entered the Ecumenical Temple
  3695 | Temple   | Became a worshipper of Makhleb the Destroyer
  3710 | D:4      | Reached skill level 8 in Stealth
  3710 | D:4      | Reached XP level 7. HP: 44/46 MP: 7/7
  3904 | D:4      | Found Woek's Magic Scroll Shoppe.
  4296 | D:5      | Reached * piety under Makhleb
  4362 | D:5      | Reached skill level 9 in Stealth
  4370 | D:5      | Reached XP level 8. HP: 15/52 MP: 8/8
  4456 | D:5      | Noticed Prince Ribbit
  4631 | D:5      | Found a shimmering blue altar of Sif Muna.
  4651 | D:5      | Got Sif Muna's Handbook of Ozone
  4784 | D:5      | Killed Edmund
  4847 | D:5      | Killed Prince Ribbit
  4848 | D:5      | Reached skill level 10 in Stealth
  5058 | D:6      | Reached skill level 5 in Shapeshifting
  5204 | D:6      | Reached XP level 9. HP: 52/56 MP: 9/9
  5370 | D:6      | Slain by an orc warrior

Illustrated notes

Levels and vault maps discovered:
D:1:      onia_arrival_handbag, layout_basic, serial_shops,
          nicolae_shop_advertising_works [nicolae_subvault_shop_adworks],
          amcnicky_mini_pool_small, hangedman_abyss_or_decor_lesser_grid,
          minmay_pentomino_p4
D:2:      layout_basic
D:3:      layout_loops_ring, shapermc_ecumenical_altar_gd, uniq_grinder
D:4:      layout_basic, kb_xom_exploding_sheep,
          minmay_temple_entry_gardened_gates, serial_shops,
          nicolae_shop_rolled_up
D:5:      layout_loops_ring, led_sif_book, uniq_prince_ribbit1, uniq_edmund
D:6:      layout_cave_pools
Temple:   minmay_freezing_vapour_temple

Skill      XL: |  1  2  3  4  5  6  7  8  9 |
---------------+----------------------------+-----
Unarmed Combat | 3 4 5 6 7 8 |  8.0
Stealth        | 7 8 9 10 | 10.0
Shapeshifting  | 1 2 3 5 |  5.5
Fighting       | |  3.0
Dodging        | |  2.4

Action                     |  1- 3 |  4- 6 |  7- 9 || total
---------------------------+-------+-------+-------++-------
  Melee: Unarmed           |    66 |    74 |   135 ||   275
         Constrict         |    12 |    24 |    49 ||    85
         Tentacles         |    14 |    17 |    46 ||    77
         Punch             |     1 |     3 |    11 ||    15
         Dagger            |       |       |    13 ||    13
   Stab: Sleeping          |    24 |    17 |     7 ||    48
         Distracted        |       |       |     1 ||     1
 Armour: Skin              |    18 |    20 |    75 ||   113
  Dodge: Dodged            |    25 |    24 |    65 ||   114

Table legend: (Time is in decaauts)
 A = Elapsed time spent in this place.
 B = Non-inter-level travel time spent in this place.
 C = Inter-level travel time spent in this place.
 D = Time resting spent in this place.
 E = Time spent auto-exploring this place.
 F = Levels seen in this place.
 G = Mean time per level.
                   A        B        C        D        E       F      G
               +--------+--------+--------+--------+--------+-----+--------+
         Total |   5348 |   4596 |    752 |    184 |   2500 |   7 |  764.0 |
       Dungeon |   5337 |   4589 |    748 |    184 |   2500 |   6 |  889.5 |
        Temple |     10 |      6 |      4 |      0 |      0 |   1 |   10.0 |
               +--------+--------+--------+--------+--------+-----+--------+

Top non-repeatable levels by time:
     D:5: 1391 daAuts
     D:4: 990 daAuts
     D:2: 898 daAuts
     D:1: 871 daAuts
     D:3: 843 daAuts
     D:6: 342 daAuts
  Temple: 10 daAuts
